 Dungeon Crawl Stone Soup version 0.26.1-2-gb8aa6d0cf2 (webtiles) character file.

Game seed: 12591211217707642344

104 windgrace the Caller (level 4, 0/24 HPs)
             Began as a Deep Elf Summoner on Feb 9, 2021.
             Was an Initiate of Ru.
             Slain by a wraith (14 damage)
             ... created by the anger of Yredelemnul
             ... on level 3 of the Dungeon on Feb 10, 2021.
             The game lasted 00:21:36 (2676 turns).

windgrace the Caller (Deep Elf Summoner)            Turns: 2676, Time: 00:21:37

Health: 0/24       AC:  2    Str:  5    XL:     4   Next: 52%
Magic:  0/12       EV: 13    Int: 21    God:    Ru [......]
Gold:   131        SH:  0    Dex: 21    Spells: 2/12 levels left

rFire    . . .     SeeInvis .   f - +0 whip
rCold    . . .     Faith    .   (no shield)
rNeg     . . .     Spirit   +   a - +0 robe
rPois    .         Reflect  .   (no helmet)
rElec    .         Harm     .   (no cloak)
rCorr    .         Rampage  .   (no gloves)
Will     .....                  (no boots)
Stlth    +++.......             d - amulet of guardian spirit
HPRegen  0.08/turn              p - +6 ring of dexterity
MPRegen  0.13/turn              (no ring)

@: slowed, very slow
A: no striking features
a: Renounce Religion


You were on level 3 of the Dungeon.
You worshipped Ru.
Ru was noncommittal.
You visited 1 branch of the dungeon, and saw 3 of its levels.

You collected 131 gold pieces.

Inventory:

Hand Weapons
 f - a +0 whip (weapon)
Missiles
 b - 5 boomerangs (quivered)
 g - 5 stones
Armour
 a - a +0 robe (worn)
Jewellery
 d - an amulet of guardian spirit (around neck)
 p - a +6 ring of dexterity (left hand)
Wands
 n - a wand of polymorph (6)
Scrolls
 e - a scroll of immolation {unknown}
 h - a scroll of identify {unknown}
 i - 2 scrolls of remove curse {unknown}
 l - a scroll of enchant weapon {unknown}
 m - a scroll of blinking {unknown}
 q - a scroll of magic mapping {unknown}
 r - a scroll of enchant armour {unknown}
Potions
 c - 2 potions of curing {unknown}
 j - 2 potions of heal wounds {unknown}
 k - a potion of degeneration {unknown}
 o - a potion of cancellation {unknown}
 s - a potion of lignification {unknown}


   Skills:
 + Level 2.4 Dodging
 + Level 2.5 Stealth
 + Level 4.7 Spellcasting
 + Level 5.7 Summonings


You had 2 spell levels left.
You knew the following spells:

 Your Spells              Type           Power        Failure   Level
a - Summon Small Mammal   Summ           100%         1%          1
b - Call Imp              Summ           29%          1%          2
c - Call Canine Familiar  Summ           29%          3%          3
d - Summon Lightning Spi  Summ/Air       16%          34%         4

Your spell library contained the following spells:

 Spells                   Type           Power        Failure   Level
 Summon Guardian Golem    Hex/Summ       16%          11%         3
 Summon Ice Beast         Ice/Summ       16%          34%         4


Dungeon Overview and Level Annotations

Branches:
Dungeon (3/15)

Altars:
Ru
Xom
Yredelemnul


Message History

Your crimson imp dies!
The quokka zombie bites your lightning spire but does no damage.
Casting: Summon Lightning Spire (potentially lethal; 34% risk of failure)
Confirm with . or Enter, or press ? or * to list all spells.
A beastly little devil appears in a puff of frigid air.
The quokka zombie bites your lightning spire but does no damage.
The wraith barely misses you.
You hit the wraith but do no damage.
The wraith is moderately damaged.
Your lightning spire disappears in a puff of smoke!
The wraith barely misses you. The quokka zombie bites you.
Your white imp hits the wraith.
Your white imp freezes the wraith.
The wraith resists.
The wraith hits you! The wraith drains your vigour!
You feel yourself slow down.
Your white imp hits the wraith but does no damage.
The quokka zombie closely misses you. The wraith hits you!
Ouch! That really hurt!
You die...

#.######.#####.##
#...............#
##<######.#####..#
##...# #.# #..#
......## #.#
#..### #...###.#
#....# #....5..#
##.#.# #...##WZ#
#.#.# #....@..#
#.#.# #.##.###.#
#.#.# ........# .#
#.#.# ##.#####.#
.# #>..# ##...##
##. ## ##..#
###.....# # #..##
........# #...#
#..... #.#.#
#...#### #.#... #


You could see a wraith and a quokka zombie.

Vanquished Creatures
  A ball python (D:1)
  A rat (D:2)
2 creatures vanquished.

Vanquished Creatures (collateral kills)
  Natasha (thrice) (D:2)
  5 adders
  An ooze (D:2)
  A dart slug (D:1)
  3 leopard geckos
  3 orcs (D:3)
  A bat (D:2)
  4 giant cockroaches
  6 goblins
  6 hobgoblins
  3 jackals (D:2)
  6 frilled lizards
  A jackal skeleton (D:3)
  5 kobolds
  5 rats
53 creatures vanquished.

Vanquished Creatures (others)
  4 plants (D:3)
  4 toadstools (D:1)
  2 withered plants (D:2)
10 creatures vanquished.

Grand Total: 65 creatures vanquished

Notes
Turn   | Place    | Note
-------+----------+-------------------------------------------
     0 | D:1      | windgrace the Deep Elf Summoner began the quest for the
                  | Orb.
     0 | D:1      | Reached XP level 1. HP: 10/10 MP: 6/6
   457 | D:1      | Reached XP level 2. HP: 15/15 MP: 4/8
  1095 | D:2      | Learned a level 2 spell: Call Imp
  1141 | D:2      | Found a basalt altar of Yredelemnul.
  1155 | D:2      | Became a worshipper of Yredelemnul the Dark
  1179 | D:2      | Reached XP level 3. HP: 19/19 MP: 6/10
  1228 | D:2      | Noticed Natasha
  1253 | D:2      | Killed Natasha
  1254 | D:2      | Reached skill level 5 in Summonings
  1715 | D:2      | Fell from the grace of Yredelemnul
  1735 | D:2      | Found a shimmering altar of Xom.
  1859 | D:2      | Noticed Natasha
  1870 | D:2      | Killed Natasha
  1871 | D:2      | Reached XP level 4. HP: 17/24 MP: 7/12
  1959 | D:2      | Found a sacrificial altar of Ru.
  1967 | D:2      | Became a worshipper of Ru the Awakened
  2218 | D:2      | Noticed Natasha
  2226 | D:2      | Killed Natasha
  2311 | D:2      | Learned a level 3 spell: Call Canine Familiar
  2316 | D:2      | Learned a level 4 spell: Summon Lightning Spire
  2523 | D:3      | Noticed a wraith
  2676 | D:3      | Slain by a wraith

Illustrated notes

Levels and vault maps discovered:
D:1:      ldierk_water_garden, layout_loops_ring
D:2:      layout_basic, yredelemnul_altar_generic, lemuel_crystal_altar,
          nicolae_ru_path_of_blood, uniq_natasha
D:3:      layout_loops_ring, elyvilon_altar_4, serial_undead, serial_undead_f,
          serial_undead_e, serial_undead_b, serial_undead_e, st_stairs_12,
          fedhas_ov_isle_minmay

Skill      XL: |  1  2  3 |
---------------+----------+-----
Spellcasting   | 4 |  4.7
Summonings     | 5 |  5.7
Dodging        | |  2.4
Stealth        | |  2.5

Action                   |  1- 3 |  4- 6 || total
-------------------------+-------+-------++-------
Melee: Unarmed           |     3 |       ||     3
       Whip              |    14 |     7 ||    21
Throw: Boomerang         |     7 |       ||     7
 Cast: Summon Small Mamm |    70 |    16 ||    86
       Call Imp          |    13 |    11 ||    24
       Summon Lightning  |       |     3 ||     3
       Call Canine Famil |       |     2 ||     2
Invok: Renounce Religion |     1 |       ||     1
Armor: Robe              |     6 |     1 ||     7
Dodge: Dodged            |    31 |    20 ||    51
